 Dungeon Crawl Stone Soup version 0.18-a0-867-gfd1cc8f (webtiles) character file.

107 Raultor the Insei (level 4, -1/40 HPs)
             Began as a Draconian Monk on Dec 21, 2015.
             Slain by a gnoll
             ... wielding a +0 quarterstaff
              (5 damage)
             ... on level 1 of the Dungeon.
             The game lasted 00:03:45 (1563 turns).

Raultor the Insei (Draconian Monk)                  Turns: 1563, Time: 00:03:45

Health: -1/40      AC:  5    Str: 13    XL:     4   Next: 57%
Magic:  4/4        EV: 12    Int: 11    God:
Gold:   96         SH:  3    Dex: 14    Spells: 0 memorised, 3 levels left

rFire  . . .     SeeInvis .       - Unarmed
rCold  . . .     Gourm    .     (armour unavailable)
rNeg   . . .     Faith    .     p - +0 buckler
rPois  .         Spirit   .     (helmet restricted)
rElec  .         Dismiss  .     (no cloak)
rCorr  .         Reflect  .     (no gloves)
SustAt .         Harm     .     (no boots)
MR     .....                    (no amulet)
Stlth  ++........               (no ring)
                                (no ring)

@: not resistant to hostile enchantments, unstealthy
A: unfitting armour, cold-blooded, AC +5
a: no special abilities


You were on level 1 of the Dungeon.
You were not hungry.

You visited 1 branch of the dungeon, and saw 2 of its levels.

You collected 96 gold pieces.

Inventory:

Armour
 p - a +0 buckler (worn)
   (You found it on level 2 of the Dungeon)
Jewellery
 c - an uncursed ring of protection from magic {unknown}
   (You found it on level 1 of the Dungeon)
 i - a +3 ring of intelligence {unknown}
   (You found it on level 1 of the Dungeon)
 r - a cursed amulet of inaccuracy {unknown}
   (You found it on level 2 of the Dungeon)
 s - an uncursed ring of ice {unknown}
   (You found it on level 2 of the Dungeon)
Scrolls
 b - a scroll of amnesia {unknown}
 e - a scroll of fog {unknown}
 f - a scroll of magic mapping {unknown}
 g - 2 scrolls of noise {unknown}
 h - 3 scrolls of identify {unknown}
 k - a scroll of enchant weapon {unknown}
 n - a scroll of immolation {unknown}
 o - a scroll of fear {unknown}
Potions
 l - 2 potions of brilliance {unknown}
 q - a potion of heal wounds {unknown}
Comestibles
 a - a bread ration {@e1}
 d - a beef jerky
 t - a meat ration {@e2}


   Skills:
 + Level 4.2 Fighting
 + Level 3.1 Dodging
 - Level 1.7 Stealth
 + Level 0.6 Shields
 * Level 5.1 Unarmed Combat


You had 3 spell levels left.
You didn't know any spells.

Dungeon Overview and Level Annotations

Branches:
Dungeon (2/15)

Altars:
Okawaru
Xom


Innate Abilities, Weirdness & Mutations

Your plain brown scales are hard (AC +5).
Your body does not fit into most forms of armour.
You are cold-blooded and may be slowed by cold attacks.


Message History

You take 2 damage, and have 34/40 hp.
You closely miss the hobgoblin. The hobgoblin hits you with a club.
You take 3 damage, and have 31/40 hp.
You hit the hobgoblin but do no damage.
Your tail-slap misses the hobgoblin.
The hobgoblin hits you with a club.
You take 5 damage, and have 26/40 hp.
You barely miss the hobgoblin.
You tail-slap the hobgoblin, but do no damage.
The hobgoblin closely misses you.
You hit the hobgoblin.
The hobgoblin hits you but does no damage.
You hit the hobgoblin.
You kill the hobgoblin!
No target in view!
t - a meat ration {@e2} A giant gecko comes into view.
You start resting.
The giant gecko bites you.
You take 3 damage, and have 25/40 hp.
You hit the giant gecko. You block the giant gecko's attack.
You miss the giant gecko. The giant gecko misses you.
You punch the giant gecko!
You kill the giant gecko!
No target in view!
No target in view!
You start resting.
Some of the chunks of flesh in your inventory have rotted away. x2
All of the chunks of flesh in your inventory have rotted away.
Health restored: 40 A kobold comes into view.
The kobold shouts!
The kobold throws a stone.
The stone barely misses you.
An adder comes into view.
The kobold throws a stone.
The stone hits you but does no damage.
You see here a stone.
The kobold throws a stone.
The stone hits you but does no damage.
You see here a stone.
The kobold closely misses you.
You barely miss the kobold.
Your tail-slap misses the kobold.
The kobold closely misses you.
You closely miss the kobold. The kobold barely misses you.
You closely miss the kobold. The kobold hits you but does no damage.
You closely miss the kobold. The kobold hits you.
You take 3 damage, and have 37/40 hp.
You barely miss the adder. The adder barely misses you.
You closely miss the adder. The kobold closely misses you.
The adder closely misses you.
You miss the adder. The kobold closely misses you.
You block the adder's attack.
You hit the adder. The adder barely misses you. The kobold closely misses you.
The adder bites you but does no damage.
You barely miss the adder. The kobold barely misses you.
The adder closely misses you.
A gnoll comes into view. It is wielding a quarterstaff.
The gnoll shouts!
You hit the adder but do no damage. The kobold closely misses you.
The adder closely misses you.
You punch the adder!
You kill the adder!
The kobold closely misses you.
You punch the kobold!
You kill the kobold!
A gnoll comes into view. It is wielding a spear.
The gnoll barely misses you.
The gnoll shouts!
You hit the gnoll. The gnoll barely misses you.
You hit the gnoll. You hit the gnoll.
Your tail-slap misses the gnoll.
The gnoll hits you with a quarterstaff.
You take 5 damage, and have 34/40 hp.
You hit the gnoll but do no damage. You block the gnoll's attack.
The gnoll hits you from afar with a spear.
You take 5 damage, and have 29/40 hp.
Your shield prevents you from hitting the gnoll.
You tail-slap the gnoll. The gnoll hits you with a quarterstaff.
The gnoll hits you from afar with a spear.
A giant cockroach comes into view.
You take 11 damage, and have 18/40 hp.
MASSIVE DAMAGE!!
You see here a stone.
You see here a stone.
The gnoll hits you from afar with a spear!
* * * LOW HITPOINT WARNING * * *
You take 11 damage, and have 8/40 hp.
MASSIVE DAMAGE!!
There is a stone staircase leading up here.
The gnoll hits you from afar with a spear.
* * * LOW HITPOINT WARNING * * *
The gnoll hits you with a quarterstaff.
* * * LOW HITPOINT WARNING * * *
You climb upwards.
There is a stone staircase leading down here.
You take 7 damage, and have 3/40 hp.
Unknown command.
Drink which item? (? for menu, Esc to quit)
It was a potion of cure mutation.
It has a very clean taste.
The gnoll barely misses you.
You hit the gnoll but do no damage. You tail-slap the gnoll.
The gnoll hits you with a quarterstaff.
You die...

#####.......##.##......##.##
...............#.#.#.####.#
##....................# #.#
##.###.....#####.#.#.####.#
##.###.....###............#
##.##.......##.###.#####..#
##.#......)..#.#........>.#
##.#........>..g@#.#####.##
.#.#.........#.###.# #.#
...##........#.# #.# #.#
...###.....#(#.###.## #.#
.)........##.#.##.#.## #.#
.........###(#.#.###.###.#
..########....(.## ##....#
.## ###....##.###.#####


You could see a gnoll.

Vanquished Creatures
  4 adders (D:2)
  2 gnolls
  A worm (D:2)
  3 giant geckos (D:2)
  8 bats
  5 giant cockroaches
  8 goblins
  5 hobgoblins
  3 giant newts
  7 kobolds
  A rat (D:1)
47 creatures vanquished.

Notes
Turn   | Place    | Note
--------------------------------------------------------------
     0 | D:1      | Raultor the Draconian Monk began the quest for the Orb.
     0 | D:1      | Reached XP level 1. HP: 19/19 MP: 1/1
    65 | D:1      | Found a shimmering altar of Xom.
   122 | D:1      | Reached XP level 2. HP: 20/26 MP: 2/2
   915 | D:1      | Reached XP level 3. HP: 26/33 MP: 3/3
   993 | D:2      | Found an iron altar of Okawaru.
  1018 | D:2      | Found a faded altar to an unknown god.
  1060 | D:2      | Reached skill level 4 in Fighting
  1060 | D:2      | Reached skill level 3 in Dodging
  1146 | D:2      | Reached XP level 4. HP: 38/40 MP: 4/4
  1222 | D:2      | Reached skill level 5 in Unarmed Combat
  1542 | D:2      | HP: 8/40 [gnoll/spear (11)]
  1556 | D:2      | HP: 8/40 [gnoll/spear (2)]
  1556 | D:2      | HP: 3/40 [gnoll/quarterstaff (5)]
  1563 | D:1      | Slain by a gnoll

Vault maps used:
D:1:      roderic_dead_forest, minivault_26, hangedman_abyss_or_decor_stabs,
          xom_teletrap_fun
D:2:      first_bread, ecumenical_altar_2, okawaru_ov_weapons_minmay

Action                   |  1- 3 |  4- 6 || total
-------------------------+-------+-------++-------
Melee: Unarmed           |   105 |    68 ||   173
  Use: Potion            |       |     1 ||     1
 Stab: Sleeping          |     4 |       ||     4
  Eat: Chunk             |     1 |     1 ||     2

Vault maps used:
D:1:      roderic_dead_forest, minivault_26, hangedman_abyss_or_decor_stabs,
          xom_teletrap_fun
D:2:      first_bread, ecumenical_altar_2, okawaru_ov_weapons_minmay

Table legend:
 A = Turns spent in this place as a percentage of turns spent in the entire game.
 B = Non-inter-level travel turns spent in this place as a percentage of non-inter-level travel turns spent in the entire game.
 C = Inter-level travel turns spent in this place as a percentage of turns spent in this place.
 D = Turns resting spent in this place as a percentage of non-inter-level travel turns spent in this place.
 E = Turns spent auto-exploring this place as a percentage of non-inter-level travel turns spent in this place.
 F = Non-inter-level travel turns spent in this place divided by the number of levels of this place that you've seen.
                   A       B       C       D       E      F
               +-------+-------+-------+-------+-------+----------------------
         Total | 100.0 | 100.0 |   0.2 |   2.0 |  11.7 | 248.0
       Dungeon | 100.0 | 100.0 |   0.2 |   2.0 |  11.7 | 248.0
               +-------+-------+-------+-------+-------+----------------------

Table legend:
 A = Kills in this place as a percentage of kills in entire the game.
 B = Kills by you in this place as a percentage of kills by you in the entire game.
 C = Kills by friends in this place as a percentage of kills by friends in the entire game.
 D = Other kills in this place as a percentage of other kills in the entire game.
 E = Experience gained in this place as a percentage of experience gained in the entire game.
 F = Experience gained in this place divided by the number of levels of this place that you have seen.
                   A       B       C       D       E      F
               +-------+-------+-------+-------+-------+----------------------
         Total | 100.0 | 100.0 |  -nan |  -nan | 100.0 |  77.0
       Dungeon | 100.0 | 100.0 |  -nan |  -nan | 100.0 |  77.0
               +-------+-------+-------+-------+-------+----------------------
